AoeStats
← Armitte

Black Forest

508727941Analyzed
4v4 RM · 7d ago on Sep 23, 2026· 59m 29s· 8 players
Game mode
Random Map
Map size
Large (8 player)
Population
200
Speed
Normal
Resources
Standard
Victory
Conquest
Starting age
Dark Age
Ending age
Imperial Age
RankedLock teamsTeams togetherTeam positionsShared explorationLock speedFull tech treeHidden civsTurbo modeCheats
Victory
Defeat
🇬🇧 Saxons · United Kingdom
1756
+12
🇩🇪 Britons · Germany
1692
+15
🇪🇸 Danes · Spain
1567
+20
🇦🇹 Byzantines · Austria
1558
+20
🇫🇮 Lithuanians · Finland
1717
-19
🇻🇳 Celts · Vietnam
1700
-18
🇩🇪 Hindustanis · Germany
1632
-16
🇩🇿 Italians · Algeria
1600
-14
AticAtac
10:20 Feudal Age
15:14 Castle Age
13:21 Double-Bit Axe
13:18 Horse Collar
16:43 Bow Saw
20:13 Loom
23:39 Gold Mining
24:52 Wheelbarrow
28:18 Imperial Age
26:47 Heavy Plow
27:41 Gold Shaft Mining
26:57 Stone Mining
28:12 Padded Archer Armor
28:49 Stone Shaft Mining
30:14 Chemistry
30:15 Two-Man Saw
29:33 Leather Archer Armor
29:35 Hand Cart
29:54 Coinage
30:18 Conscription
30:07 Grand Trunk Road
31:01 Ring Archer Armor
32:20 Siege Engineers
32:48 Shatagni
32:58 Town Watch
35:08 Scale Barding Armor
35:14 Forging
35:16 Bloodlines
35:06 Husbandry
35:11 Light Cavalry
36:13 Chain Barding Armor
37:33 Iron Casting
36:21 Hussar
38:29 Plate Barding Armor
37:46 Fletching
38:08 Masonry
38:08 Clinker Construction
38:38 Hoardings
38:25 Ballistics
39:56 Heavy Camel Rider
41:39 Blast Furnace
41:38 Bodkin Arrow
45:04 Bracer
45:16 Careening
45:50 Fortified Wall
45:25 Imperial Camel Rider
58:23 Caravan
King-Arthur
0:47 Loom
9:57 Feudal Age
11:28 Double-Bit Axe
15:31 Wheelbarrow
14:41 Town Watch
22:29 Castle Age
21:57 Bloodlines
22:09 Scale Barding Armor
22:36 Light Cavalry
23:36 Bow Saw
23:41 Husbandry
24:57 Chain Barding Armor
Jozzif
11:07 Feudal Age
14:42 Castle Age
13:14 Double-Bit Axe
13:30 Horse Collar
17:52 Fervor
23:23 Loom
25:10 Fortified Wall
29:10 Imperial Age
27:02 Fletching
27:13 Padded Archer Armor
28:15 Ballistics
27:36 Treadmill Crane
27:56 Bodkin Arrow
29:29 Leather Archer Armor
29:43 Thumb Ring
28:59 Crossbowman
29:14 Elite Skirmisher
30:24 Bracer
31:37 Chemistry
31:38 Ring Archer Armor
32:37 Wheelbarrow
33:20 Silk Road
33:40 Conscription
34:17 Bow Saw
34:27 Heavy Plow
34:19 Gold Mining
34:20 Stone Mining
35:35 Masonry
35:56 Caravan
36:26 Coinage
37:16 Two-Man Saw
36:46 Crop Rotation
36:53 Stone Shaft Mining
37:38 Hand Cart
37:24 Scale Mail Armor
37:35 Forging
37:26 Squires
37:11 Arson
38:32 Architecture
37:58 Murder Holes
40:46 Chain Mail Armor
41:06 Iron Casting
43:02 Plate Mail Armor
43:17 Banking
45:04 Blast Furnace
44:41 Arbalester
46:19 Guilds
khungbo
7:08 Loom
11:52 Feudal Age
16:28 Castle Age
14:58 Double-Bit Axe
14:53 Horse Collar
17:52 Bow Saw
17:49 Heavy Plow
24:47 Wheelbarrow
24:20 Gold Mining
24:22 Stone Mining
30:17 Imperial Age
28:07 Hand Cart
28:30 Gold Shaft Mining
27:57 Scale Mail Armor
27:44 Arson
28:44 Town Watch
28:37 Pikeman
29:30 Forging
29:38 Chain Mail Armor
30:00 Stone Shaft Mining
30:46 Onager
32:49 Plate Mail Armor
32:04 Capped Ram
33:11 Conscription
34:09 Iron Casting
34:40 Furor Celtica
35:19 Coinage
36:58 Siege Ram
40:46 Blast Furnace
39:53 Fletching
40:27 Ballistics
40:47 Elite Woad Raider
44:35 Siege Engineers
43:53 Heavy Scorpion
45:50 Halberdier
47:33 Caravan
48:48 Bodkin Arrow
50:14 Padded Archer Armor
57:25 Banking
57:31 Gambesons
58:58 Hoardings
58:36 Masonry
Noble
10:22 Feudal Age
12:10 Double-Bit Axe
14:26 Castle Age
12:28 Horse Collar
15:26 Bow Saw
15:54 Heavy Plow
18:44 Loom
23:17 Wheelbarrow
23:21 Gold Mining
24:20 Hand Cart
25:24 Gold Shaft Mining
28:21 Imperial Age
25:57 Treadmill Crane
26:40 Loom
26:41 Town Watch
27:09 Squires
28:36 Elite Varangian Guard
29:02 Arson
29:18 Scale Mail Armor
29:29 Forging
29:20 Devotion
29:49 Conscription
28:57 Onager
30:30 Chain Mail Armor
31:16 Two-Man Saw
30:39 Guilds
29:52 Capped Ram
31:33 Iron Casting
30:58 Stone Mining
30:51 Shield Wall
32:19 Siege Engineers
33:16 Siege Ram
36:22 Coinage
38:09 Banking
39:44 Plate Mail Armor
40:43 Fletching
40:53 Padded Archer Armor
43:37 Masonry
43:48 Ballistics
47:30 Caravan
48:28 Bodkin Arrow
48:24 Guard Tower
48:20 Arrowslits
49:05 Architecture
48:10 Pikeman
49:17 Leather Archer Armor
50:04 Chemistry
49:13 Bracer
49:02 Elite Skirmisher
49:48 Thumb Ring
50:21 Keep
52:46 Halberdier
54:26 Ring Archer Armor
53:52 Murder Holes
56:54 Gambesons
58:10 Hoardings
Nobody
11:12 Feudal Age
14:48 Castle Age
13:15 Double-Bit Axe
13:24 Horse Collar
16:53 Bow Saw
16:43 Heavy Plow
18:12 Loom
23:32 Wheelbarrow
25:13 Gold Mining
29:05 Imperial Age
26:36 Town Watch
27:29 Gold Shaft Mining
27:20 Gambesons
27:35 Squires
26:59 Pikeman
27:24 Arson
28:32 Hand Cart
28:44 Stone Mining
29:07 Onager
31:08 Conscription
30:40 Halberdier
30:50 Capped Ram
31:51 Elite Varangian Guard
33:16 Scale Mail Armor
34:19 Chain Mail Armor
34:15 Forging
34:10 Northmen's Fury
36:52 Iron Casting
36:48 Plate Mail Armor
39:27 Siege Onager
42:53 Siege Engineers
44:47 Siege Onager
47:32 Blast Furnace
46:23 Fletching
47:36 Chemistry
47:30 Caravan
54:53 Siege Ram
55:30 Bodkin Arrow
57:42 Murder Holes
57:49 Bracer
57:51 Town Patrol
58:04 Man-at-Arms
Armitte
0:51 Loom
12:27 Feudal Age
16:41 Castle Age
14:48 Double-Bit Axe
15:19 Horse Collar
17:47 Bow Saw
20:16 Heavy Plow
21:07 Fletching
21:39 Town Watch
22:34 Bodkin Arrow
23:32 Gold Mining
27:23 Wheelbarrow
30:06 Gold Shaft Mining
30:41 Ballistics
33:59 Imperial Age
31:46 Stone Mining
34:12 Yeomen
35:08 Fortified Wall
35:35 Bracer
36:37 Chemistry
35:38 Padded Archer Armor
36:38 Hand Cart
36:37 Onager
36:54 Elite Skirmisher
37:52 Leather Archer Armor
38:57 Two-Man Saw
39:44 Ring Archer Armor
40:01 Conscription
42:39 Crossbowman
43:11 Arbalester
44:51 Capped Ram
58:04 Yeomen
Der Klabautermann
11:10 Feudal Age
10:39 Loom
12:24 Double-Bit Axe
12:20 Horse Collar
18:55 Castle Age
20:16 Bow Saw
20:06 Heavy Plow
24:39 Husbandry
25:00 Light Cavalry
31:25 Wheelbarrow
30:41 Stone Mining
30:42 Gold Mining
32:45 Hand Cart
33:24 Stone Shaft Mining
33:25 Gold Shaft Mining
33:25 Scale Barding Armor
35:52 Imperial Age
34:52 Chain Barding Armor
34:40 Caravan
35:15 Treadmill Crane
35:49 Forging
37:17 Iron Casting
37:52 Chemistry
37:52 Plate Barding Armor
36:43 Elite Cataphract
37:37 Logistica
38:10 Conscription
38:01 Fletching
38:33 Ballistics
39:26 Murder Holes
39:44 Bodkin Arrow
40:29 Bracer
46:22 Bombard Tower
47:07 Hoardings
46:33 Greek Fire
48:28 Coinage
50:08 Two-Man Saw
49:39 Crop Rotation
52:50 Guilds
53:10 Banking
Connection lost

Rejoining the realm…

Still unreachable

The connection could not be restored.

Session expired

The server has moved on; the page needs a fresh start.